 Dungeon Crawl Stone Soup version 0.30-a0-165-g1891117ce2 (webtiles) character file.

Game seed: 4055867331724778541

1082 bande the Chopper (level 8, -1/49 HPs)
             Began as a Gargoyle Fighter on Sept 29, 2022.
             Slain by an orc warrior
             ... wielding a +2 glaive of freezing
              (10 damage)
             ... on level 6 of the Dungeon.
             The game lasted 00:11:00 (6077 turns).

bande the Chopper (Gargoyle Fighter)                Turns: 6077, Time: 00:11:01

Health: -1/49      AC: 31    Str: 19    XL:     8   Next: 30%
Magic:  0/8        EV:  7    Int: 10    God:
Gold:   264        SH:  4    Dex: 11    Spells: 7/7 levels left

rFire   + . .      SeeInvis .    a - +0 war axe (protect)
rCold   + + .      Faith    .    c - +0 buckler
rNeg    + . .      Spirit   +    j - +0 chain mail
rPois   ∞          Reflect  .    f - +1 helmet
rElec   +          Harm     .    p - +1 cloak "Ozaemiaje" {rF+ rC+ Stlth+}
rCorr   .          Rampage  .    (no gloves)
Will    .....                    w - +3 pair of mountain boots {steadfast, rC+}
Stlth   ..........               v - amulet of guardian spirit
HPRegen 0.16/turn                (no ring)
MPRegen 0.11/turn                (no ring)

@: under a protective aura
A: sickness immunity, AC +5, negative energy resistance 1, electricity
resistance, torment resistance 1, petrification resistance
a: no special abilities


You were on level 6 of the Dungeon.
You visited 1 branch of the dungeon, and saw 6 of its levels.
You also visited: Sewer.

You collected 264 gold pieces.

Inventory:

Hand Weapons
 a - a +0 war axe of protection (weapon)
Armour
 c - a +0 buckler (worn)
 f - a +1 helmet (worn)
 j - a +0 chain mail (worn)
 p - the +1 cloak "Ozaemiaje" (worn) {rF+ rC+ Stlth+}
   (You acquired it on level 3 of the Dungeon)

   rF:        It protects you from fire.
   rC:        It protects you from cold.
   Stlth:     It makes you more stealthy.
 w - the +3 pair of mountain boots (worn) {steadfast, rC+}
   (You found it on level 5 of the Dungeon)

   It prevents involuntary movement, except for blinking, teleportation, or
   banishment.
   rC:        It protects you from cold.
Jewellery
 h - a ring of wizardry
 v - an amulet of guardian spirit (around neck)
 y - a ring of wizardry
Wands
 i - a wand of roots (7)
 q - a wand of mindburst (22)
 s - a wand of digging (4)
 u - a wand of acid (9)
Scrolls
 o - a scroll of poison
 r - a scroll of amnesia
 t - a scroll of fog
 x - a scroll of enchant armour
Potions
 b - 2 potions of ambrosia
 d - a potion of might
 e - 2 potions of haste
 g - 3 potions of invisibility
 k - 5 potions of brilliance
 l - 2 potions of heal wounds
 m - a potion of curing {unknown}
 n - 3 potions of flight {unknown}
 z - 2 potions of degeneration {unknown}


   Skills:
 + Level 5.1 Fighting
 + Level 6.2 Axes
 + Level 5.5 Armour
 + Level 4.2 Shields
 * Level 2.7 Evocations


You had 7 spell levels left.
You didn't know any spells.
Your spell library contained the following spells:

 Spells                   Type           Power      Damage    Failure   Level
 Kiss of Death            Conj/Necr      0%         2d5       99%         1
 Confusing Touch          Hex            0%         N/A       100%        3
 Portal Projectile        Hex/Tloc       0%         N/A       100%        3
 Tukima's Dance           Hex            0%         N/A       100%        3
 Dispel Undead            Necr           0%         3d6       100%        4
 Petrify                  Tmut/Erth      0%         N/A       100%        4
 Blade Hands              Tmut           0%         N/A       100%        5
 Irradiate                Conj/Tmut      0%         3d11      100%        5
 Sublimation of Blood     Necr           Unusable   N/A       N/A         2

Dungeon Overview and Level Annotations

Branches:
Dungeon (6/15)              Sewer (visited)
 Temple: D:4-7

Altars:
Ashenzari
Trog

Shops:
D:4 ??:=


Innate Abilities, Weirdness & Mutations

You are immune to sickness and miasma.
Your stone body is resilient. (AC +5)
You are immune to poison.
You resist negative energy. (rN+)
You are resistant to electric shocks. (rElec)
You are resistant to unholy torment.
You are immune to petrification.


Message History

The orc warrior is lightly wounded.
You hit the orc. You closely miss the adder. You block the adder's attack.
The orc warrior hits you but does no damage.
The adder bites you but does no damage. You block the orc's attack.
Unknown command.
You hit the orc warrior.
The orc warrior is moderately wounded.
You closely miss the orc. You closely miss the adder.
The adder closely misses you.
The orc warrior hits you with a +2 glaive of freezing!
The orc hits you with a +0 flail.
* * * LOW HITPOINT WARNING * * *
The adder bites you but does no damage.
You closely miss the orc warrior.
The orc warrior is moderately wounded.
You closely miss the adder. You completely miss the orc.
The orc hits you with a +0 flail.
* * * LOW HITPOINT WARNING * * *
The orc warrior hits you but does no damage.
The adder bites you but does no damage.
You barely miss the orc warrior.
The orc warrior is moderately wounded.
You hit the orc. You closely miss the adder. The adder barely misses you.
The orc closely misses you.
The orc warrior hits you but does no damage.
The adder barely misses you.
The orc warrior hits you but does no damage.
You block the orc's attack.
You hit the orc warrior.
The orc warrior is heavily wounded.
You hit the orc.
You kill the orc!
You barely miss the adder. The adder bites you but does no damage.
The orc warrior hits you but does no damage.
The adder bites you but does no damage.
You barely miss the orc warrior.
The orc warrior is heavily wounded.
You closely miss the adder.
The orc warrior hits you with a +2 glaive of freezing!
You die...

.....##.#....#
......#......
............ .
.........### ..
..........#
...##........#
.......o....#####
.......@........#
.....#).S.#####.#
#.......####...#####.#
.<...# #..........#.###
...#.. #.#######..#...#
...... #....#.......#.#
.....###...
#.......#.##
#.....#.#########..#..#
#...†.....#........#


You could see an orc warrior and an adder.

Vanquished Creatures
  A shadow (D:5)
  An ogre (D:4)
  A phantom (D:4)
  2 bullfrogs (Sewer)
  2 hounds (D:5)
  3 orc priests
  Jessica (D:3)
  2 iguanas
  3 orc wizards
  Natasha (thrice) (D:2)
  Robin (D:4)
  4 gnolls
  8 adders
  2 river rats (D:3)
  A worm (D:2)
  5 orcs
  11 ball pythons
  6 endoplasms
  8 giant cockroaches
  18 goblins
  11 hobgoblins
  4 jackals (D:2)
  7 kobolds
  11 quokkas
  7 bats
  11 frilled lizards
  6 rats
140 creatures vanquished.

Notes
Turn   | Place    | Note
-------+----------+-------------------------------------------
     0 | D:1      | bande the Gargoyle Fighter began the quest for the Orb.
     0 | D:1      | Reached XP level 1. HP: 14/14 MP: 1/1
    26 | D:1      | Found a faded altar of an unknown god.
   121 | D:1      | Reached XP level 2. HP: 16/19 MP: 2/2
   475 | D:1      | Reached skill level 2 in Axes
   681 | D:1      | Reached XP level 3. HP: 20/23 MP: 3/3
  1803 | D:2      | Noticed Natasha
  1809 | D:2      | Killed Natasha
  1810 | D:2      | Reached XP level 4. HP: 29/29 MP: 4/4
  1910 | D:2      | Noticed Natasha
  1918 | D:2      | Killed Natasha
  1942 | D:2      | Noticed Natasha
  1945 | D:2      | Killed Natasha
  1946 | D:2      | Reached skill level 3 in Axes
  1946 | D:2      | Reached XP level 5. HP: 33/33 MP: 5/5
  2650 | D:3      | Reached XP level 6. HP: 38/38 MP: 6/6
  2833 | D:3      | Found a glowing drain.
  2843 | D:3      | Reached skill level 4 in Axes
  2859 | Sewer    | Entered a sewer
  3165 | Sewer    | Reached skill level 1 in Evocations
  3406 | Sewer    | Reached XP level 7. HP: 44/44 MP: 7/7
  3845 | D:3      | Noticed Jessica
  3852 | D:3      | Killed Jessica
  3870 | D:3      | Identified a scroll of acquirement
  3870 | D:3      | Acquired the +1 cloak "Ozaemiaje" {rF+ rC+ Stlth+}
  3999 | D:4      | Found Waatser's Magic Scroll Boutique.
  4047 | D:4      | Reached skill level 5 in Axes
  4388 | D:4      | Noticed Robin
  4400 | D:4      | Killed Robin
  4401 | D:4      | Reached skill level 5 in Armour
  4482 | D:4      | Found Qezail's Book Shop.
  4503 | D:4      | Found Miunef's Magic Scroll Shoppe.
  4516 | D:4      | Found Ilunoxku's Jewellery Shoppe.
  4986 | D:5      | Entered Level 5 of the Dungeon
  5021 | D:5      | Found the +3 pair of mountain boots {steadfast, rC+}
  5024 | D:5      | Noticed a shadow
  5051 | D:5      | Killed a shadow
  5052 | D:5      | Reached skill level 5 in Fighting
  5052 | D:5      | Reached skill level 6 in Axes
  5052 | D:5      | Reached XP level 8. HP: 19/49 MP: 4/8
  5445 | D:5      | Found a bloodstained altar of Trog.
  5445 | D:5      | Found a broken altar of Ashenzari.
  6077 | D:6      | Slain by an orc warrior

Illustrated notes

Levels and vault maps discovered:
D:1:      giann_bridges, layout_loops_ring, ebering_ecumenical_altar_mist
D:2:      minmay_chambers_of_twos, layout_basic, hangedman_decor_slide_cut,
          minivault_25, uniq_natasha
D:3:      layout_rooms, portal_sewer_entry_b, kennysheep_jessica_study
D:4:      layout_cave_pools, serial_shops, nicolae_shop_statue_plus,
          shop_fountains, nicolae_shop_advertising_works
          [nicolae_subvault_shop_adworks], kennysheep_mini, uniq_robin
D:5:      layout_basic, nicolae_overflow_two_pavilions
D:6:      layout_cave_pools, minmay_temple_entry_butterflies,
          hangedman_abyss_or_decor_stagger, minivault_22,
          minmay_strange_pillars, kennysheep_generic_room_6

Skill      XL: |  1  2  3  4  5  6  7 |
---------------+----------------------+-----
Axes           | 2 3 4 6 |  6.2
Armour         | 4 5 |  5.5
Fighting       | 4 5 |  5.1
Evocations     | 1 2 |  2.7
Shields        | 4 |  4.2

Action                   |  1- 3 |  4- 6 |  7- 9 || total
-------------------------+-------+-------+-------++-------
Melee: War axe           |   105 |   228 |   153 ||   486
  Use: Scroll            |     6 |     3 |     9 ||    18
Armor: Scale mail        |    65 |       |       ||    65
       Chain mail        |       |   227 |   148 ||   375
Dodge: Dodged            |    51 |    88 |    58 ||   197
Block: Buckler           |    14 |    66 |    51 ||   131

Table legend: (Time is in decaauts)
 A = Elapsed time spent in this place.
 B = Non-inter-level travel time spent in this place.
 C = Inter-level travel time spent in this place.
 D = Time resting spent in this place.
 E = Time spent auto-exploring this place.
 F = Levels seen in this place.
 G = Mean time per level.
                   A        B        C        D        E       F      G
               +--------+--------+--------+--------+--------+-----+--------+
         Total |   6368 |   6348 |     20 |   1197 |   3538 |   7 |  909.7 |
       Dungeon |   5286 |   5266 |     20 |   1015 |   3099 |   6 |  881.0 |
         Sewer |   1082 |   1082 |      0 |    182 |    439 |   1 | 1082.0 |
               +--------+--------+--------+--------+--------+-----+--------+

Top non-repeatable levels by time:
     D:2: 1443 daAuts
     D:4: 1107 daAuts
   Sewer: 1082 daAuts
     D:1: 926 daAuts
     D:5: 924 daAuts
     D:3: 798 daAuts
     D:6: 85 daAuts
